 Dungeon Crawl Stone Soup version 0.29.1-2-gbd0b4ee654 (webtiles) character file.

Game seed: 11613142655480371866

296 cdecastro the Insei (level 6, -3/38 HPs)
             Began as an Octopode Transmuter on Nov 13, 2022.
             Was a Follower of Wu Jian.
             Succumbed to an orc wizard's poison
             ... on level 5 of the Dungeon.
             The game lasted 00:09:30 (4989 turns).

cdecastro the Insei (Octopode Transmuter)           Turns: 4989, Time: 00:09:30

Health: -3/38      AC:  1    Str:  9    XL:     6   Next: 35%
Magic:  9/9        EV: 13    Int: 18    God:    Wu Jian [*.....]
Gold:   346        SH:  0    Dex: 12    Spells: 2/9 levels left

rFire   . . .      SeeInvis .     - Unarmed
rCold   . . .      Faith    .   (no shield)
rNeg    . . .      Spirit   .   (helmet restricted)
rPois   .          Reflect  .   (no amulet)
rElec   .          Harm     .   (no ring)
rCorr   .          Rampage  .   (no ring)
Will    .....                   (no ring)
Stlth   ++........              (no ring)
HPRegen 0.12/turn               (no ring)
MPRegen 0.11/turn               (no ring)
                                (no ring)
                                (no ring)

@: lethally poisoned (-3 -> -46)
A: almost no armour, amphibious, 8 rings, camouflage 1, gelatinous body 1,
(nimble swimmer 1), tentacles
a: Renounce Religion


You were on level 5 of the Dungeon.
You worshipped Wu Jian.
Wu Jian was aware of your devotion.
You visited 2 branches of the dungeon, and saw 6 of its levels.

You collected 346 gold pieces.

Inventory:

Missiles
 d - 49 stones
 h - 5 poisoned darts
 r - a throwing net
Jewellery
 s - a ring of flight
Scrolls
 c - 3 scrolls of identify {unknown}
 e - a scroll of immolation {unknown}
 f - 3 scrolls of teleportation {unknown}
 i - a scroll of vulnerability {unknown}
 j - a scroll of magic mapping {unknown}
 k - 2 scrolls of amnesia {unknown}
 l - a scroll of noise {unknown}
 o - 2 scrolls of enchant armour {unknown}
 t - a scroll of poison {unknown}
 u - a scroll of enchant weapon {unknown}
Potions
 a - 2 potions of lignification
 b - 2 potions of might {unknown}
 g - 3 potions of degeneration {unknown}
 m - a potion of curing {unknown}
 n - a potion of invisibility {unknown}
 p - 2 potions of brilliance {unknown}
 q - a potion of berserk rage {unknown}
 v - a potion of ambrosia {unknown}


   Skills:
 - Level 1.0 Fighting
 - Level 2.0 Dodging
 + Level 4.6 Unarmed Combat
 - Level 2.0 Spellcasting
 - Level 4.1 Transmutations
 * Level 3.9 Poison Magic


You had 2 spell levels left.
You knew the following spells:

 Your Spells              Type           Power      Damage    Failure   Level
a - Beastly Appendage     Tmut           32%        N/A       3%          1
b - Wereblood             Tmut           16%        N/A       4%          2
c - Sting                 Tmut/Pois      64%        1d6       3%          1
d - Spider Form           Tmut/Pois      16%        N/A       11%         3

Your spell library contained the following spells:

 Spells                   Type           Power      Damage    Failure   Level
 Poisonous Vapours        Pois/Air       16%        N/A       12%         2
 Olgreb's Toxic Radiance  Pois           16%        N/A       34%         4
 Summon Guardian Golem    Hex/Summ       1%         N/A       47%         3
 Ice Form                 Ice/Tmut       9%         N/A       61%         4
 Orb of Destruction       Conj           0%         9d5       100%        7
 Spellforged Servitor     Conj/Summ      0%         N/A       100%        7


Dungeon Overview and Level Annotations

Branches:
Dungeon (5/15)             Temple (1/1) D:4

Altars:
Ashenzari
Cheibriados
Dithmenos
Gozag
Hepliaklqana
Kikubaaqudgha
Makhleb
Okawaru
Qazlal
Sif Muna
Trog
Uskayaw
Vehumet
Wu Jian
Xom
Yredelemnul
Zin
The Shining One

Shops:
D:1 :

Annotations:
D:3 exclusion: ogre, Jessica
D:4 exclusion: ogre
D:5 exclusions: black bear and water moccasin


Innate Abilities, Weirdness & Mutations

You cannot wear most types of armour.
You are amphibious.
You can wear up to eight rings at the same time.
Your skin changes colour to match your surroundings (Stealth+).
Your rubbery body absorbs attacks. (AC +1, EV +1)
((You are camouflaged when in or above water. (Stealth+)))
You have tentacles for arms and can constrict up to eight enemies at once.


Message History

The orc wizard is lightly wounded.
You constrict the orc wizard.
The orc wizard hits you but does no damage.
You are poisoned.
You tentacle-slap the orc wizard but do no damage.
You tentacle-slap the orc wizard, but do no damage.
The orc wizard is lightly wounded.
You constrict the orc wizard.
You feel sick.
The orc wizard hits you with a +2 dagger of venom.
You are more poisoned.
Unknown command.
You tentacle-slap the orc wizard.
You pierce the orc wizard, but do no damage.
The orc wizard is heavily wounded.
Your tentacle spike disappears.
You constrict the orc wizard.
You feel very sick.
The orc wizard hits you with a +2 dagger of venom.
You are lethally poisoned!
You tentacle-slap the orc wizard but do no damage.
The orc wizard is heavily wounded.
You constrict the orc wizard.
* * * LOW HITPOINT WARNING * * *
You feel very sick.
The orc wizard hits you but does no damage.
You are more poisoned.
You tentacle-slap the orc wizard. x2
The orc wizard is severely wounded.
You constrict the orc wizard.
* * * LOW HITPOINT WARNING * * *
You feel very sick.
The orc wizard hits you with a +2 dagger of venom.
* * * LOW HITPOINT WARNING * * *
You are more poisoned.
You tentacle-slap the orc wizard.
The orc wizard is almost dead.
You constrict the orc wizard.
You kill the orc wizard!
The Council accepts your kill.
You die...

###....# #.....#.
#....# ##....#.
####....# #...##.
######...[...#
###.÷..
#........†...#
####.
#.####.......# #.
#......)[# #.
#....###.########
#. #....#
#.@....... #.
#....# #..)......
##
#.#..#...........
#.#..#.#.........
..#..#.#.........
# #..# #.........
#.........
#.........


There were no monsters in sight!

Vanquished Creatures
  2 scorpions
  An orc priest (D:4)
  An orc wizard (D:5)
  5 adders
  3 worms
  4 dart slugs
  13 orcs
  4 ball pythons
  10 endoplasms
  2 giant cockroaches (D:1)
  5 goblins
  3 hobgoblins (D:1)
  3 jackals (D:4)
  6 kobolds
  6 quokkas
  3 bats (D:1)
  3 frilled lizards
  5 rats
79 creatures vanquished.

Notes
Turn   | Place    | Note
-------+----------+-------------------------------------------
     0 | D:1      | cdecastro the Octopode Transmuter began the quest for the
                  | Orb.
     0 | D:1      | Reached XP level 1. HP: 13/13 MP: 3/3
   353 | D:1      | Reached XP level 2. HP: 16/18 MP: 5/5
   496 | D:1      | Found Uhynifat's Book Emporium.
   502 | D:1      | Learned a level 2 spell: Wereblood
   611 | D:1      | Found an ornate altar of the Wu Jian Council.
   648 | D:1      | Became a worshipper of the Wu Jian Council
  1191 | D:1      | Reached XP level 3. HP: 23/23 MP: 4/6
  2158 | D:3      | Found a bloodstained altar of Trog.
  2226 | D:3      | Noticed Jessica
  2288 | D:3      | Reached XP level 4. HP: 13/28 MP: 7/7
  2467 | D:3      | Noticed an ogre
  2830 | D:3      | Found a faded altar of an unknown god.
  3034 | D:3      | Learned a level 1 spell: Sting
  3038 | D:3      | Learned a level 3 spell: Spider Form
  3077 | D:4      | Reached * piety under Wu Jian
  3221 | D:4      | Reached XP level 5. HP: 28/33 MP: 6/8
  3310 | D:4      | Reached skill level 1 in Poison Magic
  3399 | D:4      | Found a staircase to the Ecumenical Temple.
  3417 | Temple   | Entered the Ecumenical Temple
  3907 | D:4      | Noticed an ogre
  4321 | D:5      | Entered Level 5 of the Dungeon
  4400 | D:5      | Noticed a water moccasin
  4484 | D:5      | Reached XP level 6. HP: 38/38 MP: 7/9
  4888 | D:5      | Noticed a black bear
  4989 | D:5      | Succumbed to an orc wizard's poison

Illustrated notes

Levels and vault maps discovered:
D:1:      reono_arrival_mine, layout_basic, serial_shops, shop,
          minmay_hexomino_r4
D:2:      layout_basic
D:3:      minmay_spotlight, layout_basic, mainiacjoe_overflow_paths,
          shapermc_ecumenical_altar_pompeii, chequers_serial_rivers_large_b,
          chequers_serial_rivers_micro_b, uniq_jessica
D:4:      layout_cave_pools, minmay_temple_entry_statues_pillars
D:5:      layout_basic
Temple:   nicolae_temple_bog_church

Skill      XL: |  1  2  3  4  5 |
---------------+----------------+-----
Transmutations | 3 4 |  4.1
Unarmed Combat | 4 |  4.6
Poison Magic   | 3 |  3.9
Fighting       | |  1.0
Dodging        | |  2.0
Spellcasting   | |  2.0

Action                   |  1- 3 |  4- 6 || total
-------------------------+-------+-------++-------
Melee: Unarmed           |    84 |   103 ||   187
       Constrict         |    21 |    26 ||    47
       Tentacles         |    10 |    21 ||    31
       Punch             |     4 |     4 ||     8
       Kick              |    13 |    34 ||    47
Throw: Dart              |       |     1 ||     1
 Cast: Beastly Appendage |    13 |    22 ||    35
Invok: Lunge             |     6 |    11 ||    17
       Whirlwind         |       |     1 ||     1
 Stab: Sleeping          |    10 |     5 ||    15
Armor: Skin              |     3 |     3 ||     6
Dodge: Dodged            |    29 |    44 ||    73
